 Dungeon Crawl Stone Soup version 0.27.0-1-g7a089689b8 (webtiles) character file.

Game seed: 7608496589063316697

1215 canonizer the Chopper (level 8, -10/51 HPs)
             Began as a Gargoyle Berserker on Aug 10, 2021.
             Was a Priest of Trog.
             Mangled by a wight (13 damage)
             ... on level 5 of the Dungeon.
             The game lasted 00:08:53 (5162 turns).

canonizer the Chopper (Gargoyle Berserker)          Turns: 5162, Time: 00:08:54

Health: -10/51     AC:  7    Str: 23    XL:     8   Next: 46%
Magic:  8/8        EV: 12    Int:  8    God:    Trog [***...]
Gold:   92         SH:  0    Dex:  9    Spells: 7/7 levels left

rFire    . . .     SeeInvis .   j - +0 hand axe (venom)
rCold    . . .     Faith    .   (no shield)
rNeg     + . .     Spirit   .   b - +0 animal skin
rPois    ∞         Reflect  .   (no helmet)
rElec    +         Harm     .   (no cloak)
rCorr    .         Rampage  .   (no gloves)
Will     +....                  (no boots)
Stlth    ++........             (no amulet)
HPRegen  0.17/turn              h - ring of flight
MPRegen  0.11/turn              t - ring of willpower

@: on berserk cooldown, flying, slowed, very slow
A: sickness immunity, AC +5, negative energy resistance 1, electricity
resistance, torment resistance 1, petrification resistance
a: Renounce Religion, Berserk, Trog's Hand


You were on level 5 of the Dungeon.
You worshipped Trog.
Trog was most pleased with you.
You visited 1 branch of the dungeon, and saw 5 of its levels.

You collected 92 gold pieces.

Inventory:

Hand Weapons
 a - a +0 hand axe
 j - a +0 hand axe of venom (weapon)
Armour
 b - a +0 animal skin (worn)
Jewellery
 h - a ring of flight (left hand)
 t - a ring of willpower (right hand)
 y - a ring of ice
 B - a +6 ring of intelligence
Wands
 q - a wand of flame (20)
 w - a wand of iceblast (8)
Scrolls
 c - 3 scrolls of identify {unknown}
 e - 3 scrolls of teleportation {unknown}
 g - 2 scrolls of holy word {unknown}
 k - a scroll of enchant weapon {unknown}
 l - 2 scrolls of fear {unknown}
 m - a scroll of vulnerability {unknown}
 p - a scroll of noise {unknown}
 s - 3 scrolls of magic mapping {unknown}
 u - a scroll of amnesia {unknown}
Potions
 d - 3 potions of curing {unknown}
 f - 2 potions of brilliance {unknown}
 i - a potion of degeneration {unknown}
 n - a potion of cancellation {unknown}
 o - 3 potions of mutation {unknown}
 r - a potion of flight {unknown}
 v - a potion of haste
 x - a potion of heal wounds {unknown}
 z - a potion of berserk rage {unknown}
 A - 2 potions of might {unknown}


   Skills:
 + Level 5.9 Fighting
 + Level 6.8 Axes
 + Level 2.2 Armour
 + Level 4.2 Dodging
 + Level 2.8 Stealth


You had 7 spell levels left.
You didn't know any spells.
Your spell library was empty.

Dungeon Overview and Level Annotations

Branches:
Dungeon (5/15)
 Temple: D:4-7

Altars:

Shops:
D:2 [


Innate Abilities, Weirdness & Mutations

You are immune to sickness and miasma.
Your stone body is resilient. (AC +5)
You are immune to poison.
You resist negative energy. (rN+)
You are resistant to electric shocks. (rElec)
You are resistant to unholy torment.
You are immune to petrification.


Message History

The wight misses you.
Unknown command.
Unknown command.
Unknown command.
You are too injured to fight recklessly!
Unknown command.
You are too injured to fight recklessly!
The wight hits you with a +0 hand axe.
Items here: )) [ ††.
You barely miss the gnoll. You closely miss the wight. You hit the wight.
You hit the ogre.
The ogre looks as sick as possible!
The gnoll hits you with a +0 spear. The wight barely misses you. x2
The wight completely misses you.
The wight hits you from afar with a +3 halberd!
* * * LOW HITPOINT WARNING * * *
Unknown command.
You slash the ogre!
You kill the ogre!
Trog accepts your kill.
You slash the wight!
You destroy the wight!
Trog accepts your kill.
You hit the wight but do no damage. You barely miss the gnoll.
The gnoll barely misses you.
The wight hits you from afar with a +0 trident.
* * * LOW HITPOINT WARNING * * *
The wight completely misses you.
Unknown command.
You slash the gnoll!
You kill the gnoll!
Trog accepts your kill.
You hit the wight but do no damage. The wight closely misses you.
Unknown command.
You hit the wight.
The wight is almost destroyed.
You are no longer berserk.
You are exhausted.
You feel yourself slow down. The wight closely misses you.
The wight hits you with a +4 great sword!
You die...

#...## ##... ##....#
#... .# #.....## ##..
... #......#
#..###....
###......###..#.#.#..
#..........#.........
###..........z......#
#.......###.))).....#
##.[.....###)@z.....#
#.......# ##).z....#
#..#..### ###...$..
#####..## ......
###.....## ......
#........# .....
##...#...# .....
#..#...### ....
###..#.....# .


You could see 3 wights.

Vanquished Creatures
  Sigmund (D:4)
  Menkaure (D:4)
  3 ogres
  A scorpion (D:4)
  A water moccasin zombie (D:5)
  A wight (D:5)
  A bullfrog zombie (D:5)
  2 centaur skeletons (D:4)
  2 hounds
  A gnoll shaman (D:5)
  Jessica (D:3)
  Natasha (thrice) (D:4)
  An iguana (D:4)
  An orc wizard (D:2)
  A killer bee zombie (D:4)
  3 adders (D:2)
  5 gnolls (D:5)
  An ufetubus (D:4)
  An adder skeleton (D:4)
  2 worms
  A dart slug (D:4)
  5 orcs
  10 bats
  3 endoplasms
  5 giant cockroaches
  6 goblins
  9 hobgoblins
  15 jackals
  12 kobolds
  2 quokkas
  5 ball pythons
  2 frilled lizards
  7 rats
115 creatures vanquished.

Notes
Turn   | Place    | Note
-------+----------+-------------------------------------------
     0 | D:1      | canonizer the Gargoyle Berserker began the quest for the
                  | Orb.
     0 | D:1      | Reached XP level 1. HP: 14/14 MP: 1/1
   324 | D:1      | Reached XP level 2. HP: 19/19 MP: 2/2
   374 | D:1      | Reached skill level 3 in Axes
   918 | D:1      | Reached XP level 3. HP: 24/24 MP: 3/3
   927 | D:1      | Reached ** piety under Trog
  1619 | D:2      | Found Sythritro's Antique Armour Boutique.
  2002 | D:2      | Reached XP level 4. HP: 29/29 MP: 4/4
  2255 | D:2      | Reached XP level 5. HP: 30/33 MP: 5/5
  2454 | D:2      | Found a faded altar of an unknown god.
  2683 | D:3      | Noticed Jessica
  2690 | D:3      | Killed Jessica
  2691 | D:3      | Reached skill level 4 in Axes
  2755 | D:3      | Reached *** piety under Trog
  2922 | D:4      | Noticed Menkaure
  2937 | D:4      | Killed Menkaure
  2938 | D:4      | Reached skill level 1 in Stealth
  2938 | D:4      | Reached XP level 6. HP: 12/39 MP: 6/6
  3387 | D:4      | Reached skill level 5 in Axes
  3509 | D:4      | Noticed Natasha
  3518 | D:4      | Killed Natasha
  3524 | D:4      | Reached XP level 7. HP: 19/44 MP: 7/7
  3529 | D:4      | Reached skill level 5 in Fighting
  3759 | D:4      | Noticed Sigmund
  3765 | D:4      | Killed Sigmund
  3851 | D:4      | Reached skill level 6 in Axes
  4267 | D:5      | Entered Level 5 of the Dungeon
  4297 | D:5      | Reached XP level 8. HP: 17/50 MP: 8/8
  4624 | D:4      | Noticed Natasha
  4639 | D:4      | Killed Natasha
  4832 | D:4      | Noticed Natasha
  4841 | D:4      | Killed Natasha
  5162 | D:5      | Mangled by a wight

Illustrated notes

Levels and vault maps discovered:
D:1:      co_arrival_random_square_maze, layout_loops_ring
D:2:      layout_rooms, hellmonk_ecumenical_altar_blasted, serial_shops, shop,
          fountainhead, minmay_pentomino_w2
D:3:      layout_rooms, uniq_jessica
D:4:      layout_loops_ring, minivault_26, uniq_menkaure, uniq_natasha,
          uniq_sigmund
D:5:      minmay_chambers_of_threes, layout_cave_pools

Skill      XL: |  1  2  3  4  5  6  7  8 |
---------------+-------------------------+-----
Axes           | 3 4 5 6 |  6.8
Fighting       | 4 5 |  5.9
Dodging        | 2 3 4 |  4.2
Stealth        | 1 2 |  2.8
Armour         | |  2.2

Action                   |  1- 3 |  4- 6 |  7- 9 || total
-------------------------+-------+-------+-------++-------
Melee: Hand axe          |   145 |   118 |   105 ||   368
Invok: Berserk           |     3 |     2 |     4 ||     9
       Trog's Hand       |       |     1 |       ||     1
 Stab: Sleeping          |       |       |     3 ||     3
Armor: Animal skin       |    91 |    53 |    35 ||   179
Dodge: Dodged            |   156 |   126 |    69 ||   351
